 Dungeon Crawl Stone Soup version 0.31-a0-1469-gd420192249 (webtiles) character file.

Game seed: 11551561744369864467

3507 jasper the Grappler (level 9, -6/85 HPs)
             Began as a Grey Draconian Fighter on Dec 28, 2023.
             Was a Follower of Wu Jian.
             Mangled by a death yak (18 damage)
             ... on level 9 of the Dungeon.
             The game lasted 00:10:44 (8677 turns).

jasper the Grappler (Grey Draconian Fighter)        Turns: 8677, Time: 00:10:44

Health: -6/85      AC: 14    Str: 26    XL:     9   Next: 81%
Magic:  9/9        EV: 15    Int:  9    God:    Wu Jian [*.....]
Gold:   566        SH:  5    Dex: 13    Spells: 8/8 levels left

rFire   . .          .
                       - Unarmed
rCold   . . .        a - +0 buckler
rNeg    . . .        (body armour unavailable)
rPois   .            (helmet restricted)
rElec   .            n - +1 cloak
rCorr   .            (no gloves)
SInv    .            (no boots)
Will    .....        (no amulet)
Stlth   +            f - +6 ring of strength
HPRegen 0.34/turn    (no ring)
MPRegen 0.11/turn

%: no passive effects
@: mighty, about to teleport, studying Unarmed Combat
A: AC +12, amphibious, unfitting armour, cold-blooded
a: Renounce Religion


You were on level 9 of the Dungeon.
You worshipped Wu Jian.
Wu Jian was aware of your devotion.
You visited 2 branches of the dungeon, and saw 10 of its levels.

You collected 596 gold pieces.
You spent 30 gold pieces at shops.

Inventory:

Missiles
 j - 61 stones (quivered)
 o - 2 curare-tipped darts
 v - 3 boomerangs
 x - 6 javelins
Armour
 a - a +0 buckler (worn)
 n - a +1 cloak (worn)
Jewellery
 f - a +6 ring of strength (left hand)
 m - a ring of protection from cold
 w - an amulet of faith
Talismans
 e - a serpent talisman
Wands
 c - a wand of mindburst (4)
 h - a wand of flame (14)
 r - a wand of quicksilver (16)
Scrolls
 i - 3 scrolls of immolation
 l - a scroll of enchant armour
 s - 2 scrolls of fear
 t - a scroll of teleportation
Potions
 d - 2 potions of curing
 g - 2 potions of cancellation
 p - a potion of resistance
 q - 4 potions of lignification
 u - a potion of ambrosia


   Skills:
 - Level 10.0 Fighting
 + Level 8.2 Dodging
 - Level 3.3 Shields
 - Level 10.0 Unarmed Combat


You had 8 spell levels left.
You didn't know any spells.
Your spell library contained the following spells:

 Spells                   Type           Power      Damage    Failure   Level
 Freeze                   Ice            0%         1d3       43%         1
 Ensorcelled Hibernation  Hex/Ice        0%         N/A       58%         2
 Frozen Ramparts          Ice            0%         1d1       82%         3
 Fugue of the Fallen      Necr           0%         N/A       82%         3
 Hailstorm                Conj/Ice       0%         3d5       82%         3
 Inner Flame              Hex/Fire       0%         N/A       82%         3
 Ozocubu's Armour         Ice            0%         N/A       82%         3
 Anguish                  Hex/Necr       0%         N/A       99%         4
 Flame Wave               Conj/Fire      0%         2d4       99%         4
 Sticky Flame             Fire/Alch      0%         2d4       99%         4
 Metabolic Englaciation   Hex/Ice        0%         N/A       100%        5
 Summon Forest            Summ/Tloc      0%         N/A       100%        5
 Summon Mana Viper        Hex/Summ       0%         N/A       100%        5
 Sculpt Simulacrum        Ice/Alch       0%         N/A       100%        6
 Summon Cactus Giant      Summ           0%         N/A       100%        6


Dungeon Overview and Level Annotations

Branches:
Dungeon (9/15)             Temple (1/1) D:7            Lair (0/5) D:9
    Orc: D:9-12

Altars:
Ashenzari
Cheibriados
Dithmenos
Elyvilon
Fedhas
Gozag
Hepliaklqana
Kikubaaqudgha
Makhleb
Nemelex Xobeh
Okawaru
Qazlal
Ru
Sif Muna
Trog
Uskayaw
Vehumet
Wu Jian
Xom
Yredelemnul
Zin
The Shining One

Shops:
D:2 [[:*

Annotations:
D:3 2 transporters, Sonofthefire's ghost, amateur OpMo


Innate Abilities, Weirdness & Mutations

Your dull iron-grey scales are very hard. (AC +12)
You are amphibious.
You cannot fit into any form of body armour.
You are cold-blooded and may be slowed by cold attacks.


Message History

You hit the death yak.
The death yak is lightly wounded.
The death yak gores you.
You take 3 damage, and have 37/85 hp.
You barely miss the death yak.
The death yak is lightly wounded.
The death yak gores you!
You take 10 damage, and have 27/85 hp.
You pummel the death yak!!
The death yak is heavily wounded.
Aiming: Quicksilver Bolt
Press: ? - help, Shift-Dir - straight line, f - death yak
Aim: a death yak (heavily wounded, 90% to hit)
The bolt of dispelling energy hits the death yak!!
The death yak is severely wounded.
The bolt of dispelling energy hits the death yak!
The death yak is lightly wounded.
The bolt of dispelling energy hits the death yak!!
The death yak is moderately wounded.
The death yak gores you!!
* * * LOW HITPOINT WARNING * * *
You take 21 damage, and have 6/85 hp.
MASSIVE DAMAGE!!
Okay, then.
As you read the scroll of fear, it crumbles to dust.
You assume a fearsome visage.
The death yak resists with some effort. x2
The death yak easily resists.
The death yak resists with almost no effort.
The death yak easily resists.
You block the death yak's attack.
You feel much better.
You regained 20 hp, and now have 26/85 hp.
As you read the scroll of teleportation, it crumbles to dust.
You feel strangely unstable.
The death yak gores you but does no damage.
The death yak gores you!
* * * LOW HITPOINT WARNING * * *
You take 15 damage, and have 11/85 hp.
The death yak closely misses you.
The death yak attacks as it pursues you!
The death yak gores you!!
You die... ..... ...
YY.

#.# #†# #####Y#
###+##.....#
#.......YY.#
#......@...#
#..........# ..
######....## ...
#....######..
#....#.....# ##
#....#.....# #.
#....#.....# #.
#....'.....#.....#.
#....#.....#....##.


You could see 3 death yaks.

Vanquished Creatures
  A death yak (D:9)
  A gargoyle (D:7)
  A steam dragon (D:6)
  Menkaure (D:4)
  Duvessa (D:7)
  A water moccasin (D:7)
  2 sky beasts (D:7)
  A black bear (D:7)
  A centaur (D:6)
  A phantom (D:5)
  2 kobold brigands
  3 bullfrogs (D:8)
  2 scorpions
  Dowan (D:7)
  12 killer bees
  A howler monkey (D:8)
  A hound (D:5)
  2 orc priests
  2 jellies (D:6)
  Crazy Yiuf (D:4)
  2 sleepcaps (D:5)
  5 iguanas
  3 orc wizards
  9 adders
  4 gnolls (D:6)
  2 shadow imps
  2 white imps
  4 worms
  3 dart slugs
  21 orcs
  10 endoplasms
  A giant cockroach (D:2)
  7 goblins
  7 hobgoblins
  8 jackals
  14 kobolds
  2 quokkas (D:2)
  6 ball pythons
  7 bats
  6 frilled lizards
  7 rats
168 creatures vanquished.

Notes
Turn   | Place    | Note
-------+----------+-------------------------------------------
     0 | D:1      | jasper the Draconian Fighter began the quest for the Orb.
     0 | D:1      | Reached XP level 1. HP: 19/19 MP: 1/1
   151 | D:1      | Reached XP level 2. HP: 15/26 MP: 2/2
   839 | D:2      | Found Isopn's General Store.
   847 | D:2      | Bought a potion of curing for 30 gold pieces
   949 | D:2      | Reached XP level 3. HP: 31/31 MP: 3/3
  1381 | D:2      | Found Esheicegg's Book Shoppe.
  1388 | D:2      | Noticed an animated crystal plate armour
  1389 | D:2      | Found Gyfoc's Armour Boutique.
  1393 | D:2      | Noticed an animated shadow dragon scales
  1505 | D:2      | Found Tuzenewo's Antique Armour Shoppe.
  1652 | D:2      | Reached XP level 4. HP: 40/40 MP: 4/4
  2443 | D:3      | Found a broken altar of Ashenzari.
  2544 | D:3      | Found a transporter.
  2545 | D:3      | Noticed Sonofthefire's ghost (amateur OpMo)
  2545 | D:3      | Noticed an ogre
  2545 | D:3      | Noticed an ogre
  2546 | D:3      | Identified the +5 dire flail of Rugets {drain, rCorr Int+2}
  2546 | D:3      | Noticed an ogre
  2550 | D:3      | Found a transporter.
  2853 | D:3      | Identified a scroll of acquirement
  2853 | D:3      | Acquired a manual of Unarmed Combat
  3024 | D:4      | Found a runed translucent door.
  3025 | D:4      | Noticed Crazy Yiuf
  3174 | D:4      | Noticed Menkaure
  3183 | D:4      | Killed Menkaure
  3184 | D:4      | Reached XP level 5. HP: 43/47 MP: 5/5
  3285 | D:4      | Reached skill level 5 in Fighting
  3285 | D:4      | Reached skill level 5 in Unarmed Combat
  3285 | D:4      | Reached XP level 6. HP: 22/56 MP: 6/6
  3734 | D:4      | Killed Crazy Yiuf
  3766 | D:5      | Entered Level 5 of the Dungeon
  4073 | D:5      | Your scales start taking on a dull iron-grey colour.
  4073 | D:5      | Reached XP level 7. HP: 61/62 MP: 7/7
  4559 | D:5      | Found a burning altar of Makhleb.
  4582 | D:5      | Found a sacrificial altar of Ru.
  5293 | D:6      | Reached skill level 5 in Dodging
  5623 | D:6      | Noticed a steam dragon
  5645 | D:6      | Killed a steam dragon
  5646 | D:6      | Reached XP level 8. HP: 65/71 MP: 8/8
  6137 | D:7      | Noticed a gargoyle
  6141 | D:7      | Killed a gargoyle
  6383 | D:7      | Found a staircase to the Ecumenical Temple.
  6392 | Temple   | Entered the Ecumenical Temple
  6411 | Temple   | Became a worshipper of the Wu Jian Council
  6624 | D:7      | Found an iron altar of Okawaru.
  6832 | D:7      | Found a stormy altar of Qazlal.
  6835 | D:7      | Found a blossoming altar of Fedhas.
  6948 | D:7      | Reached XP level 9. HP: 75/81 MP: 9/9
  7135 | D:7      | Noticed Duvessa
  7135 | D:7      | Noticed Dowan
  7142 | D:7      | Killed Duvessa
  7157 | D:7      | Killed Dowan
  7521 | D:8      | Reached skill level 10 in Unarmed Combat
  7778 | D:8      | Reached * piety under Wu Jian
  8654 | D:9      | Noticed a death yak
  8656 | D:9      | Found a staircase to the Lair.
  8656 | D:9      | Noticed a death yak
  8656 | D:9      | Noticed a death yak
  8657 | D:9      | Noticed a death yak
  8660 | D:9      | Noticed a death yak
  8662 | D:9      | Noticed a death yak
  8665 | D:9      | Killed a death yak
  8666 | D:9      | Reached skill level 10 in Fighting
  8677 | D:9      | Mangled by a death yak

Illustrated notes

Levels and vault maps discovered:
D:1:      tekkud_arrival_beachfront_property, layout_loops_ring
D:2:      kb_forest_paths, layout_loops_corners, serial_shops,
          nicolae_shop_mannequins, shop, shop, shop
D:3:      minmay_evil_eye, layout_loops_ring, evilmike_ruin_ashenzari,
          gammafunk_ghost_smash, minmay_pentangle
D:4:      wander_river, layout_loops_cross, uniq_crazy_yiuf_cottage,
          uniq_menkaure
D:5:      layout_basic, nicolae_ru_great_annihilating_truth, bloody_makhleb
D:6:      layout_basic
D:7:      layout_basic, okawaru_ov_weapons_minmay,
          grunt_temple_overflow_forces_of_nature,
          minmay_temple_entry_drinking_statues,
          eino_small_chamber_without_monster, minivault_10,
          dreamdust_princess_bridge, uniq_duvessa
D:8:      layout_basic
D:9:      layout_stronghold, dpeg_lair_monsters
Temple:   nicolae_temple_slightly_damp_pantheon

Skill      XL: |  1  2  3  4  5  6  7  8  9 |
---------------+----------------------------+-----
Unarmed Combat | 3 4 5 7 9 10 | 10.0
Fighting       | 4 5 6 8 10 | 10.0
Dodging        | 3 4 5 6 8 |  8.2
Shields        | |  3.3

Action                     |  1- 3 |  4- 6 |  7- 9 || total
---------------------------+-------+-------+-------++-------
  Melee: Unarmed           |   151 |   178 |   297 ||   626
         Tailslap          |    16 |    21 |    25 ||    62
Ability: Begin Untransform |       |       |     1 ||     1
         Lunge             |       |       |    12 ||    12
         Whirlwind         |       |       |     1 ||     1
  Evoke: Wand              |       |       |     4 ||     4
    Use: Scroll            |     3 |     3 |    12 ||    18
         Potion            |       |     2 |     7 ||     9
   Stab: Sleeping          |       |     1 |     1 ||     2
         Paralysed         |       |       |     2 ||     2
 Armour: Skin              |    60 |    76 |   182 ||   318
  Dodge: Dodged            |    87 |    73 |   154 ||   314
  Block: Buckler           |    35 |    28 |    45 ||   108
   Form: Serpent           |       |       |     1 ||     1

Table legend: (Time is in decaauts)
 A = Elapsed time spent in this place.
 B = Non-inter-level travel time spent in this place.
 C = Inter-level travel time spent in this place.
 D = Time resting spent in this place.
 E = Time spent auto-exploring this place.
 F = Levels seen in this place.
 G = Mean time per level.
                   A        B        C        D        E       F      G
               +--------+--------+--------+--------+--------+-----+--------+
         Total |   8672 |   8427 |    245 |    329 |   6657 |  10 |  867.2 |
       Dungeon |   8633 |   8424 |    209 |    329 |   6657 |   9 |  959.2 |
        Temple |     38 |      2 |     36 |      0 |      0 |   1 |   38.0 |
               +--------+--------+--------+--------+--------+-----+--------+

Top non-repeatable levels by time:
     D:5: 1368 daAuts
     D:7: 1340 daAuts
     D:2: 1094 daAuts
     D:8: 997 daAuts
     D:3: 953 daAuts
     D:6: 931 daAuts
     D:4: 903 daAuts
     D:1: 848 daAuts
     D:9: 194 daAuts
  Temple: 38 daAuts
